 Dungeon Crawl Stone Soup version 0.18-a0-1799-g6250cb2 (webtiles) character file.

74 macross the Skirmisher (level 4, -3/41 HPs)
             Began as a Minotaur Berserker on Apr 23, 2016.
             Was a Believer of Trog.
             Slain by Crazy Yiuf
             ... wielding a +4 quarterstaff of chaos
              (5 damage)
             ... on level 2 of the Dungeon.
             The game lasted 00:02:02 (950 turns).

macross the Skirmisher (Minotaur Berserker)          Turns: 950, Time: 00:02:03

Health: -3/41      AC:  2    Str: 23    XL:     4   Next: 9%
Magic:  3/3        EV: 12    Int:  4    God:    Trog [**....]
Gold:   33         SH:  0    Dex:  9    Spells: 0 memorised, 3 levels left

rFire  . . .     SeeInvis .     a - +0 hand axe
rCold  . . .     Gourm    .     b - +0 animal skin
rNeg   . . .     Faith    .     (no shield)
rPois  .         Spirit   .     (helmet restricted)
rElec  .         Dismiss  .     (no cloak)
rCorr  .         Reflect  .     (no gloves)
SustAt .         Harm     .     (no boots)
MR     .....                    (no amulet)
Stlth  +.........               (no ring)
                                (no ring)

@: drained, not resistant to hostile enchantments, very unstealthy
A: retaliatory headbutt, horns 2
a: Berserk, Trog's Hand, Burn Spellbooks, Renounce Religion


You were on level 2 of the Dungeon.
You worshipped Trog.
Trog was pleased with you.
You were not hungry.

You visited 1 branch of the dungeon, and saw 2 of its levels.

You collected 33 gold pieces.

Inventory:

Hand Weapons
 a - a +0 hand axe (weapon)
Armour
 b - a +0 animal skin (worn)
Scrolls
 d - a scroll of teleportation {unknown}
 f - a scroll of remove curse {unknown}
 g - 2 scrolls of fear {unknown}
 i - 2 scrolls of identify {unknown}
 k - a scroll of immolation {unknown}
Potions
 e - a potion of mutation {unknown}
 h - a potion of might {unknown}
 j - 3 potions of brilliance {unknown}
 l - a potion of flight {unknown}
Comestibles
 c - 2 bread rations


   Skills:
 + Level 4.5(4.2) Fighting
 + Level 4.4(4.1) Axes
 + Level 2.8(2.4) Armour
 + Level 2.9(2.6) Dodging
 + Level 0.5(0.2) Stealth


You had 3 spell levels left.
You didn't know any spells.

Dungeon Overview and Level Annotations

Branches:
Dungeon (2/15)

Altars:

Annotations:
D:2 Crazy Yiuf


Innate Abilities, Weirdness & Mutations

You reflexively headbutt those who attack you in melee.
You have a pair of horns on your head.


Message History

No target in view!
No target in view!
No target in view!
No target in view!
Crazy Yiuf the Enlightened comes into view.
He is wielding a quarterstaff of chaos.
Crazy Yiuf drinks a potion.
Crazy Yiuf seems to speed up.
Crazy Yiuf is nearby!
Crazy Yiuf closely misses you.
You completely miss Crazy Yiuf.
Crazy Yiuf hits you with a quarterstaff of chaos!
You feel drained.
You hit Crazy Yiuf.
Crazy Yiuf is moderately wounded.
Crazy Yiuf says, "East cower Xom!"
Crazy Yiuf hits you with a quarterstaff of chaos!
Crazy Yiuf burns you.
Crazy Yiuf hits you with a quarterstaff of chaos!
* * * LOW HITPOINT WARNING * * *
Crazy Yiuf freezes you.
You die...

#....####.# ##..## #.# ♣PP.P♣
#.########## ♣...♣♣
#........(.. ♣♣.♣♣
############ ♣.♣♣ ###### ♣♣.♣
##....# ♣.♣♣ ##.....# ♣♣@♣ ##
#......# #g# ######. #......#
... #####...... #......#
#...# ##.....##### #......#
#..)# #..##### #......# #####
#.## ##.....# #.# #####
#......######### ### ###....
#..............########...###


You could see Crazy Yiuf.

Vanquished Creatures
  Ijyb (D:2)
  An adder (D:2)
  2 giant geckos
  4 giant cockroaches
  5 hobgoblins
  2 jackals (D:1)
  A quokka (D:2)
  4 bats
  3 giant newts
  7 goblins
  4 rats
34 creatures vanquished.

Notes
Turn   | Place    | Note
--------------------------------------------------------------
     0 | D:1      | macross the Minotaur Berserker began the quest for the Orb.
     0 | D:1      | Reached XP level 1. HP: 19/19 MP: 0/0
   240 | D:1      | Reached XP level 2. HP: 27/27 MP: 1/1
   645 | D:2      | Reached ** piety under Trog
   645 | D:2      | Reached XP level 3. HP: 33/33 MP: 2/2
   656 | D:2      | Noticed Ijyb
   668 | D:2      | Killed Ijyb
   780 | D:2      | Reached XP level 4. HP: 31/41 MP: 3/3
   946 | D:2      | Noticed Crazy Yiuf
   950 | D:2      | HP: 2/41 [Crazy Yiuf/quarterstaff of chaos (11)]
   950 | D:2      | Slain by Crazy Yiuf

Vault maps used:
D:1:      dpeg_arrival_rhombi, eino_curves_02
D:2:      serial_park_tiny_pond, uniq_crazy_yiuf_cottage, uniq_iyjb

Skill      XL: |  1  2 |
---------------+-------+-----
Fighting       | 4 |  4.5
Axes           | 4 |  4.4
Armour         | |  2.8
Dodging        | |  2.9
Stealth        | |  0.5

Action                   |  1- 3 |  4- 6 || total
-------------------------+-------+-------++-------
Melee: Hand axe          |    65 |     9 ||    74
       Headbutt          |    10 |     1 ||    11
Armor: Animal skin       |    15 |     1 ||    16
Dodge: Dodged            |    36 |     4 ||    40
